 Dungeon Crawl Stone Soup version 0.19-a0-1670-gc28a5d9 (console) character file.

1950 vible the Basher (level 9, -3/84 HPs)
             Began as an Ogre Abyssal Knight on Sept 22, 2016.
             Was a Priest of Lugonu.
             Slain by an orc warrior
             ... wielding a +0 hand axe
              (7 damage)
             ... on level 6 of the Dungeon.
             The game lasted 00:22:52 (7176 turns).

vible the Basher (Ogre Abyssal Knight)              Turns: 7176, Time: 00:22:53

Health: -3/84      AC:  6    Str: 22    XL:     9   Next: 18%
Magic:  13/13      EV: 10    Int: 11    God:    Lugonu [***...]
Gold:   502        SH:  0    Dex: 12    Spells: 0 memorised, 8 levels left

rFire  . . .     SeeInvis .     a - +2 giant spiked club
rCold  + . .     Gourm    .     w - +1 robe of Context {rC+ rN+}
rNeg   + . .     Faith    .     (shield currently unavailable)
rPois  .         Spirit   .     (helmet restricted)
rElec  .         Dismiss  .     q - +1 cloak
rCorr  .         Reflect  .     (gloves unavailable)
MR     .....     Harm     .     (boots unavailable)
Stlth  ++........               (no amulet)
                                S - +3 ring of strength
                                Q - ring of stealth

@: drained
A: unfitting armour, tough skin 1
a: Depart the Abyss, Bend Space, Banish, Renounce Religion


You were on level 6 of the Dungeon.
You worshipped Lugonu.
Lugonu was most pleased with you.
You were very hungry.

You visited 1 branch of the dungeon, and saw 6 of its levels.
You visited the Abyss 2 times.
You also visited: Ossuary.

You collected 502 gold pieces.


Innate Abilities, Weirdness & Mutations

You are too large for most types of armour.
You have tough skin. (AC +1)


   Skills:
 - Level 4.0(3.9) Fighting
 + Level 13.0(12.9) Maces & Flails
 - Level 2.1(2.0) Dodging
 + Level 6.5(6.4) Invocations


You had 8 spell levels left.
You didn't know any spells.

Inventory:

Hand Weapons
 a - a +2 giant spiked club (weapon)
 b - a +0 flail
 u - a +1 mace
Armour
 q - a +1 cloak (worn)
 w - the +1 robe of Context (worn) {rC+ rN+}
   (You found it on level 4 of the Dungeon)

   It protects you from cold.
   It protects you from negative energy.
Jewellery
 N - an uncursed ring of positive energy
 Q - a ring of stealth (left hand)
 S - a +3 ring of strength (right hand)
Wands
 o - a wand of iceblast (15/15)
Scrolls
 f - 3 scrolls of enchant armour
 g - a scroll of random uselessness {unknown}
 h - a scroll of amnesia {unknown}
 i - 2 scrolls of immolation {!r}
 n - 3 scrolls of remove curse {@r2}
 r - a scroll of recharging
 s - a scroll of noise {unknown}
 y - a scroll of blinking {unknown}
Potions
 d - 5 potions of curing {@q1}
 e - a potion of degeneration {!q}
 j - a potion of berserk rage {!q}
 m - 4 potions of brilliance
 v - a potion of resistance {unknown}
 x - a potion of agility {unknown}
 z - a potion of beneficial mutation {unknown}
 A - a potion of heal wounds {unknown}
Comestibles
 c - 4 bread rations {@e1}
 k - 2 meat rations {@e1}
 l - 2 slices of pizza {@e2}

#######)####### ######
....(.<.......# #
#######.#####... #
..#####.# ..
#.......######### ##
#######.........# ..
.........#......# ##
..........#.)....# #
..........##@....# #
..........##o....## .
..........##......# .
..........##......### #
.........##........#
####.....>..######.####
##.o####..# #....# #..#
##.# ####.## #..## #.#
#..#


You could see an orc warrior.


Message History

You closely miss the centaur. The centaur hits you! x2
You hit the centaur.
The centaur is lightly wounded.
The centaur hits you. The centaur closely misses you.
You barely miss the centaur.
The centaur is lightly wounded.
The centaur hits you.
The orc warrior hits you with a hand axe!
The centaur hits you.
You barely miss the centaur.
The centaur is lightly wounded.
The orc warrior hits you with a hand axe!
The centaur hits you but does no damage.
The orc warrior hits you but does no damage.
You impale the centaur!!
You kill the centaur!
Lugonu accepts your kill. The orc warrior barely misses you.
You are feeling very hungry.
You hit the orc warrior but do no damage.
The orc warrior hits you with a hand axe!
* * * LOW HITPOINT WARNING * * *
You closely miss the orc warrior. The orc warrior closely misses you.
You closely miss the orc warrior.
The orc warrior hits you with a hand axe!
* * * LOW HITPOINT WARNING * * *
You hit the orc warrior.
The orc warrior is moderately wounded.
The orc warrior hits you with a hand axe!
You die...

Action                   |  1- 3 |  4- 6 |  7- 9 || total
-------------------------+-------+-------+-------++-------
Melee: Mace              |   105 |    47 |       ||   152
       Giant spiked club |       |   112 |   234 ||   346
Invok: Depart the Abyss  |       |       |     1 ||     1
  Use: Scroll            |       |       |    12 ||    12
       Potion            |       |       |     1 ||     1
 Stab: Sleeping          |       |       |     1 ||     1
  Eat: Chunk             |     2 |     7 |     9 ||    18
       Beef jerky        |       |       |     1 ||     1
Armor: Robe              |    36 |    59 |    73 ||   168
       Skin              |       |       |    12 ||    12
Dodge: Dodged            |    55 |   101 |   111 ||   267

Vault maps used:
D:1:      lightli_molten_gateway
D:2:      tso_altar, minmay_crystal_room, uniq_crazy_yiuf_cottage, uniq_sigmund
D:3:      gammafunk_temple_overflow_claw, led_xom_imps, first_bread,
          okawaru_gym_becter
D:4:      grunt_qazlal_sundering
D:5:      serial_shops, nicolae_shop_behind_doors
D:6:      kennysheep_mini_moat, enter_ossuary_3
Abyss:1:  evilmike_abyss_exit_7, minivault_28
Ossuary:  ossuary_tomb_3

Notes
Turn   | Place    | Note
-------+----------+-------------------------------------------
     0 | Abyss:1  | vible the Ogre Abyssal Knight began the quest for the Orb.
     0 | Abyss:1  | Reached XP level 1. HP: 24/24 MP: 2/2
     7 | D:1      | You pass through the gate.
     7 | D:1      | Escaped the Abyss
    88 | D:1      | Reached skill level 3 in Maces & Flails
   153 | D:1      | Reached XP level 2. HP: 29/32 MP: 3/3
   468 | D:1      | Reached skill level 4 in Maces & Flails
  1092 | D:2      | Reached XP level 3. HP: 11/39 MP: 4/4
  1439 | D:2      | Found a glowing golden altar of the Shining One.
  1483 | D:2      | Reached ** piety under Lugonu
  1584 | D:2      | Reached skill level 5 in Maces & Flails
  1608 | D:2      | Noticed Sigmund
  1633 | D:2      | Killed Sigmund
  1633 | D:2      | Reached skill level 7 in Maces & Flails
  1633 | D:2      | Reached XP level 4. HP: 30/48 MP: 5/5
  1633 | D:2      | Reached XP level 5. HP: 34/54 MP: 6/6
  1803 | D:2      | Found a runed door.
  2004 | D:2      | Noticed Crazy Yiuf
  2014 | D:2      | Killed Crazy Yiuf
  2014 | D:2      | Reached skill level 8 in Maces & Flails
  2014 | D:2      | Reached XP level 6. HP: 21/62 MP: 7/7
  2596 | D:3      | Reached skill level 9 in Maces & Flails
  3516 | D:3      | Found an opulent altar of Gozag.
  3516 | D:3      | Found a hide-covered altar of Uskayaw.
  3516 | D:3      | Found a burning altar of Makhleb.
  3636 | D:3      | Found an iron altar of Okawaru.
  3643 | D:3      | Reached XP level 7. HP: 70/70 MP: 8/8
  3715 | D:3      | Found a shimmering altar of Xom.
  3877 | D:3      | You are cast into the Abyss!
  3877 | D:3      | Cast into level 1 of the Abyss (crimson imp)
  3877 | Abyss:1  | Found a corrupted altar of Lugonu.
  3878 | D:3      | You pass through the gate.
  3878 | D:3      | Escaped the Abyss
  3889 | D:3      | Reached skill level 10 in Maces & Flails
  4241 | D:4      | Found a stormy altar of Qazlal.
  4294 | D:4      | Reached skill level 11 in Maces & Flails
  4730 | D:4      | Got a colourful robe
  4745 | D:4      | Identified the +1 robe of Context {rC+ rN+} (You found it on level 4 of the Dungeon)
  4799 | D:4      | Noticed vible's ghost (novice OgAK)
  4823 | D:4      | Killed vible's ghost
  4823 | D:4      | Reached skill level 4 in Invocations
  4823 | D:4      | Reached XP level 8. HP: 38/78 MP: 8/11
  5344 | D:5      | Entered Level 5 of the Dungeon
  5500 | D:5      | Found Waenut's Gadget Shop.
  5598 | D:5      | Reached skill level 12 in Maces & Flails
  5720 | D:5      | Reached skill level 5 in Invocations
  5769 | D:5      | Reached *** piety under Lugonu
  6051 | D:6      | Found a sand-covered staircase.
  6065 | Ossuary  | Entered an ossuary
  6585 | D:6      | Found a staircase to the Ecumenical Temple.
  6760 | D:6      | Reached XP level 9. HP: 58/84 MP: 13/13
  6793 | D:6      | Reached skill level 6 in Invocations
  7142 | D:6      | Reached skill level 13 in Maces & Flails
  7175 | D:6      | HP: 3/84 [orc warrior/hand axe (11)]
  7176 | D:6      | Slain by an orc warrior

Vanquished Creatures
  The ghost of vible the Basher, a novice OgAK of Lugonu (D:4)
  Sigmund (D:2)
  2 ogres
  2 centaurs
  5 wights (D:6)
  A howler monkey (D:2)
  6 crimson imps
  2 jellies (D:6)
  2 hounds
  An orc priest (D:4)
  Crazy Yiuf (D:2)
  An iguana (D:4)
  2 orc wizards
  6 worker ants
  A big kobold zombie (Ossuary)
  A hound zombie (D:6)
  8 mummies (Ossuary)
  3 adders
  2 worms (D:3)
  3 leopard geckos
  20 orcs
  5 giant cockroaches
  A gnoll zombie (Ossuary)
  10 goblins
  8 hobgoblins
  12 jackals
  A quokka (D:6)
  2 ball pythons
  5 bats
  4 frilled lizards
  A goblin zombie (D:6)
  3 hobgoblin zombies (Ossuary)
  6 kobolds
  A kobold zombie (Ossuary)
  2 orc zombies (Ossuary)
  A quokka skeleton (D:4)
  7 rats
  2 rat zombies (D:6)
142 creatures vanquished.
